 Dungeon Crawl Stone Soup version 0.20.1-1-g8b1a95d (webtiles) character file.

11 tidbits the Insei (level 2, -3/22 HPs)
             Began as a Demigod Transmuter on Aug 19, 2017.
             Killed from afar by a dart slug (5 damage)
             ... with a slug dart
             ... on level 1 of the Dungeon.
             The game lasted 00:01:43 (235 turns).

tidbits the Insei (Demigod Transmuter)               Turns: 235, Time: 00:01:45

Health: -3/22      AC:  2    Str: 13    XL:     2   Next: 3%
Magic:  5/7        EV: 12    Int: 17    God:
Gold:   52         SH:  0    Dex: 16    Spells: 3/4 levels left

rFire    . . .     SeeInvis .     - Unarmed
rCold    . . .     Gourm    .   (no shield)
rNeg     . . .     Faith    .   b - +0 robe
rPois    .         Spirit   .   (no helmet)
rElec    .         Reflect  .   (no cloak)
rCorr    .         Harm     .   (no gloves)
MR       .....                  (no boots)
Stlth    +.........             (no amulet)
Regen    0.1/turn               (no ring)
MPRegen  0.1/turn               (no ring)

@: appendage (expiring), very slightly contaminated
A: horns 2, high mp 1
a: End Transformation


You were on level 1 of the Dungeon.
You were not hungry.
You had grown temporary horns.
You visited 1 branch of the dungeon, and saw 2 of its levels.

You collected 52 gold pieces.

Inventory:

Missiles
 a - 12 arrows
 e - 19 stones (quivered)
Armour
 b - a +0 robe (worn)
Scrolls
 h - a scroll of amnesia {unknown}
Potions
 g - a potion of berserk rage {unknown}
 i - a potion of flight {unknown}
Books
 c - a book of Changes

   Spells                             Type                      Level
   a - Beastly Appendage              Transmutation                1
   b - Sticks to Snakes               Transmutation                2
   c - Spider Form                    Transmutation/Poison         3
   d - Ice Form                       Ice/Transmutation            4
   e - Blade Hands                    Transmutation                5
Comestibles
 d - a bread ration
 f - 2 fruits


   Skills:
 - Level 0.8 Fighting
 - Level 1.7 Dodging
 + Level 3.3 Unarmed Combat
 - Level 1.7 Spellcasting
 - Level 1.7 Transmutations


You had 3 spell levels left.
You knew the following spells:

 Your Spells              Type           Power        Failure   Level  Hunger
e - Beastly Appendage     Tmut           #.....       10%         1    #......


Dungeon Overview and Level Annotations

Branches:
Dungeon (2/15)


Innate Abilities, Weirdness & Mutations

You have an increased reservoir of magic. (+10% MP)
You have a pair of horns on your head.


Message History

You hit the goblin but do no damage.
Your transformation is almost over.
The goblin hits you with a club.
You hit the goblin.
You kill the goblin!
A goblin comes into view.
The goblin shouts!
The goblin moves out of view.
Things that are here:
a club; a goblin corpse You see here 5 gold pieces.
You now have 31 gold pieces (gained 5).
Casting: Beastly Appendage
Confirm with . or Enter, or press ? or * to list all spells.
You extend your transformation's duration.
You barely miss the goblin. The goblin hits you but does no damage.
You closely miss the goblin. The goblin closely misses you.
You closely miss the goblin. You headbutt the goblin.
The goblin is moderately wounded.
The goblin hits you but does no damage.
You hit the goblin.
You kill the goblin!
Your Unarmed Combat skill increases to level 3!
Your transformation is almost over.
Your horns disappear.
There is a stone staircase leading up here.
Found 13 gold pieces.
A leopard gecko comes into view.
The leopard gecko hisses angrily.
You see here 13 gold pieces.
Casting: Beastly Appendage
Confirm with . or Enter, or press ? or * to list all spells.
Your feet morph into talons.
You now have 44 gold pieces (gained 13).
You miss the leopard gecko. The leopard gecko closely misses you.
You hit the leopard gecko. You claw the leopard gecko.
You kill the leopard gecko!
Your transformation is almost over.
There is a stone staircase leading up here.
Magic restored.
You climb upwards.
Found 8 gold pieces.
There is a stone staircase leading down here.
Your talons disappear.
Found a glowing spear and a mace.
Found an iron altar of Okawaru.
A giant cockroach comes into view.
You closely miss the giant cockroach.
The giant cockroach bites you but does no damage.
Casting: Beastly Appendage
Confirm with . or Enter, or press ? or * to list all spells.
You grow a pair of large bovine horns.
The giant cockroach bites you.
You hit the giant cockroach.
You kill the giant cockroach!
A kobold comes into view.
The kobold shouts!
A hobgoblin comes into view. It is wielding a club.
You see here 8 gold pieces.
You now have 52 gold pieces (gained 8).
A dart slug comes into view.
Your transformation is almost over.
Found a hand axe.
Casting: Beastly Appendage
Confirm with . or Enter, or press ? or * to list all spells.
You miscast Beastly Appendage.
You are very lightly contaminated with residual magic.
You feel a strange surge of energy!
Casting: Beastly Appendage
Confirm with . or Enter, or press ? or * to list all spells.
You extend your transformation's duration.
You hit the kobold but do no damage. The kobold barely misses you.
Found a falchion.
You barely miss the kobold. The kobold hits you.
You barely miss the kobold. The kobold hits you.
* * * LOW HITPOINT WARNING * * *
You hit the kobold.
The kobold is severely wounded.
The kobold closely misses you.
You hit the kobold.
You kill the kobold!
A frilled lizard comes into view.
You closely miss the hobgoblin. The hobgoblin barely misses you.
The frilled lizard hisses angrily.
You hit the hobgoblin.
The hobgoblin is almost dead.
Your transformation is almost over.
The hobgoblin hits you with a club.
* * * LOW HITPOINT WARNING * * *
You closely miss the hobgoblin.
The hobgoblin is almost dead.
The hobgoblin closely misses you.
A giant cockroach comes into view.
You completely miss the hobgoblin. You punch the hobgoblin.
You kill the hobgoblin!
You have reached level 2!
A giant cockroach comes into view.
Memorise Sticks to Snakes, consuming 2 spell levels and leaving 1?
You start memorising the spell.
You continue memorising.
The dart slug launches a dart at you.
Your memorisation is interrupted.
The slug dart hits you!
You die...

#. . .# . .##.. ......
###################......
..w.......w....g.........
######.#########w#s.s.#
#>........@..l.....
###................
#.†.#...#######.##
#...###..... ..
#............ #..#.).).
... #.##.._. .# #. #.).)
. #. .....


You could see a dart slug, 2 giant cockroaches and a frilled lizard.

Vanquished Creatures
  A leopard gecko (D:2)
  A giant cockroach (D:1)
  2 goblins (D:2)
  A hobgoblin (D:1)
  A bat (D:1)
  2 kobolds (D:1)
  A rat (D:2)
9 creatures vanquished.

Notes
Turn   | Place    | Note
-------+----------+-------------------------------------------
     0 | D:1      | tidbits the Demigod Transmuter began the quest for the Orb.
     0 | D:1      | Reached XP level 1. HP: 15/15 MP: 5/5
   154 | D:2      | Found a shadowy altar of Dithmenos.
   166 | D:2      | Reached skill level 3 in Unarmed Combat
   201 | D:1      | Found an iron altar of Okawaru.
   231 | D:1      | HP: 1/15 [hobgoblin/club (6)]
   233 | D:1      | Reached XP level 2. HP: 2/22 MP: 5/7
   235 | D:1      | Killed from afar by a dart slug

Skill      XL: |  1 |
---------------+----+-----
Unarmed Combat | 3 |  3.3
Fighting       | |  0.8
Dodging        | |  1.7
Spellcasting   | |  1.7
Transmutations | |  1.7

Action                   || total
-------------------------++-------
Melee: Unarmed           ||    22
       Headbutt          ||     3
       Kick              ||     1
       Punch             ||     1
 Cast: Beastly Appendage ||     8
Armor: Robe              ||     3
Dodge: Dodged            ||     9

Table legend:
 A = Turns spent in this place as a percentage of turns spent in the entire game.
 B = Non-inter-level travel turns spent in this place as a percentage of non-inter-level travel turns spent in the entire game.
 C = Inter-level travel turns spent in this place as a percentage of turns spent in this place.
 D = Turns resting spent in this place as a percentage of non-inter-level travel turns spent in this place.
 E = Turns spent auto-exploring this place as a percentage of non-inter-level travel turns spent in this place.
 F = Non-inter-level travel turns spent in this place divided by the number of levels of this place that you've seen.
                   A       B       C       D       E      F
               +-------+-------+-------+-------+-------+----------------------
         Total | 100.0 | 100.0 |   0.0 |   0.0 |   0.0 |  96.5
       Dungeon | 100.0 | 100.0 |   0.0 |   0.0 |   0.0 |  96.5
               +-------+-------+-------+-------+-------+----------------------

Table legend:
 A = Kills in this place as a percentage of kills in entire the game.
 B = Kills by you in this place as a percentage of kills by you in the entire game.
 C = Kills by friends in this place as a percentage of kills by friends in the entire game.
 D = Other kills in this place as a percentage of other kills in the entire game.
 E = Experience gained in this place as a percentage of experience gained in the entire game.
 F = Experience gained in this place divided by the number of levels of this place that you have seen.
                   A       B       C       D       E      F
               +-------+-------+-------+-------+-------+----------------------
         Total | 100.0 | 100.0 |  -nan |  -nan | 100.0 |   8.0
       Dungeon | 100.0 | 100.0 |  -nan |  -nan | 100.0 |   8.0
               +-------+-------+-------+-------+-------+----------------------

Vault maps used:
D:1:      dpeg_arrival_orchard, okawaru_ov_weapons_minmay
D:2:      lemuel_crystal_altar, minmay_statues_item, roderic_three_in_a_row,
          minmay_misc_feat_iff, uniq_jessica, uniq_robin
